| TOP OF THE 1ST |
|
El Paso Chihuahuas batting - Pitching for Arkansas Travelers : LHP Edward Orick
|
|
Pitching: LHP Edward Orick
|
|
|
Batting: LHB Mike Cole
|
0-0: Ball 1-0: Ball 2-0: Foul Ball, location: 2F 2-1: Foul Ball, location: 2F 2-2: Foul Ball, location: 2F 2-2: Foul Ball, location: 2F 2-2: Ground out 4-3 (Groundball, 4, EV 103.8 MPH)
|
|
Batting: RHB Steven Murray
|
0-0: Ball 1-0: Foul Ball, location: 2F 1-1: Reached on error, E6 (Groundball, 6, EV 105.0 MPH)
|
|
Batting: LHB Andy Van Slyke
|
0-0: Ball 1-0: Called Strike 1-1: Fielders Choice at 2nd, 6-4 (Groundball, 6M, EV 99.4 MPH)
|
|
Batting: RHB Jesse Vann
|
0-0: Called Strike 0-1: Ball 1-1: Ball 2-1: Ball 3-1: Ground out 4-3 (Groundball, 4, EV 104.4 MPH)
|
| Top of the 1st over - 0 runs, 0 hits, 1 error, 1 left on base; El Paso 0 - Arkansas 0 |
| BOTTOM OF THE 1ST |
|
Arkansas Travelers batting - Pitching for El Paso Chihuahuas : RHP Raymond Prince
|
|
Pitching: RHP Raymond Prince
|
|
|
Batting: RHB Jeff Pyburn
|
0-0: Ball 1-0: Swinging Strike 1-1: Reached on error, E1 (Groundball, 13, EV 90.0 MPH)
|
|
Batting: RHB Greg Gagne
|
0-0: Ball 1-0: Ball 2-0: Fly out, F8 (Flyball, 89M, EV 99.4 MPH)
|
|
Batting: LHB Randy Braun
|
0-0: Called Strike 0-1: Ball 1-1: Foul Ball, location: 2F 1-2: Foul Ball, location: 2F 1-2: Grounds into double play, 6-4-3 (Groundball, 56, EV 106.3 MPH)
|
| Bottom of the 1st over - 0 runs, 0 hits, 1 error, 0 left on base; El Paso 0 - Arkansas 0 |
| TOP OF THE 2ND |
|
El Paso Chihuahuas batting - Pitching for Arkansas Travelers : LHP Edward Orick
|
|
Batting: RHB Dick C Schofield
|
0-0: SINGLE (Groundball, 6MD, EV 105.0 MPH)
|
|
Batting: LHB Mark Salas
|
0-0: Called Strike 0-1: Called Strike 0-2: Ball 1-2: Ball 2-2: Grounds into double play, 6-4-3 (Groundball, 6, EV 108.1 MPH)
|
|
Batting: LHB Dan Murphy
|
0-0: Foul Ball, location: 2F 0-1: Swinging Strike 0-2: Ball 1-2: Ball 2-2: Ball 3-2: Base on Balls
|
|
Batting: RHB Darrell Miller
|
0-0: Fly out, F8 (Line Drive, 8RD, EV 90.6 MPH)
|
| Top of the 2nd over - 0 runs, 1 hit, 0 errors, 1 left on base; El Paso 0 - Arkansas 0 |
| BOTTOM OF THE 2ND |
|
Arkansas Travelers batting - Pitching for El Paso Chihuahuas : RHP Raymond Prince
|
|
Batting: LHB Mike Pagliarulo
|
0-0: Ball 1-0: Ball 2-0: Called Strike 2-1: Swinging Strike 2-2: Ball 3-2: Base on Balls
|
|
Batting: RHB Kenneth Foster
|
0-0: Ball 1-0: Fielders Choice at 2nd, 1-6 (Groundball, 13S, EV 71.3 MPH)
|
|
Batting: SHB Luis Quinones
|
0-0: Called Strike 0-1: Ball 1-1: Foul Ball, location: 2F 1-2: Foul Ball, location: 2F 1-2: Foul Ball, location: 2F 1-2: Ball 2-2: Foul Ball, location: 2F 2-2: Ball 3-2: Fly out, F9 (Flyball, 9LD, EV 95.6 MPH)
|
|
Batting: RHB Ronald Grout
|
0-0: Ball 1-0: Ball 2-0: Swinging Strike 2-1: Ball 3-1: Base on Balls Kenneth Foster to second
|
|
Batting: RHB Rob Deer
|
0-0: Called Strike 0-1: Foul Ball, location: 2F 0-2: Ball 1-2: Ball 2-2: Ground out 5-3 (Groundball, 56S, EV 89.4 MPH)
|
| Bottom of the 2nd over - 0 runs, 0 hits, 0 errors, 2 left on base; El Paso 0 - Arkansas 0 |
| TOP OF THE 3RD |
|
El Paso Chihuahuas batting - Pitching for Arkansas Travelers : LHP Edward Orick
|
|
Batting: RHB Cliff Wherry
|
0-0: Ball 1-0: Ball 2-0: Ball 3-0: Base on Balls
|
|
Batting: LHB Mike Cole
|
0-0: Ball 1-0: Ball 2-0: Ball Wild Pitch! Cliff Wherry to second 3-0: Base on Balls
|
|
Batting: RHB Steven Murray
|
0-0: Ball 1-0: Foul Ball, location: 2F 1-1: Ball 2-1: Foul Ball, location: 2F 2-2: Fielders Choice at 2nd, 4-6 (Groundball, 4, EV 83.8 MPH) Cliff Wherry to third
|
|
Batting: LHB Andy Van Slyke
|
0-0: Ball 1-0: Foul Ball, location: 2F 1-1: Swinging Strike 1-2: Ball 2-2: Fly out, F8 (Flyball, 8RXD, EV 102.5 MPH) Runner from 3rd tags up, SCORES, no throw by CF
|
|
Batting: RHB Jesse Vann
|
0-0: Called Strike 0-1: Called Strike 0-2: Ball 1-2: Ground out 4-3 (Groundball, 34, EV 88.1 MPH)
|
| Top of the 3rd over - 1 run, 0 hits, 0 errors, 1 left on base; El Paso 1 - Arkansas 0 |
| BOTTOM OF THE 3RD |
|
Arkansas Travelers batting - Pitching for El Paso Chihuahuas : RHP Raymond Prince
|
|
Batting: RHB Terence Shoebridge
|
0-0: Ball 1-0: Called Strike 1-1: Foul Ball, location: 2F 1-2: Ground out 6-3 (Groundball, 6M, EV 80.6 MPH)
|
|
Batting: RHB Jeff Pyburn
|
0-0: Ball 1-0: Called Strike 1-1: Foul Ball, location: 2F 1-2: Strikes out swinging
|
|
Batting: RHB Greg Gagne
|
0-0: Ball 1-0: Foul Ball, location: 2F 1-1: Swinging Strike 1-2: Strikes out swinging
|
| Bottom of the 3rd over - 0 runs, 0 hits, 0 errors, 0 left on base; El Paso 1 - Arkansas 0 |
| TOP OF THE 4TH |
|
El Paso Chihuahuas batting - Pitching for Arkansas Travelers : LHP Edward Orick
|
|
Batting: RHB Dick C Schofield
|
0-0: Called Strike 0-1: Ball 1-1: Ball 2-1: Foul Ball, location: 2F 2-2: Foul Ball, location: 2F 2-2: Ball 3-2: Foul Ball, location: 2F 3-2: Fly out, F7 (Flyball, 7, EV 87.5 MPH)
|
|
Batting: LHB Mark Salas
|
0-0: Called Strike 0-1: Foul Ball, location: 2F 0-2: Fly out, F8 (Flyball, 8RM, EV 89.4 MPH)
|
|
Batting: LHB Dan Murphy
|
0-0: SOLO HOME RUN (Flyball, 78XD, EV 93.1 MPH), Distance : 416 ft
|
|
Batting: RHB Darrell Miller
|
0-0: Swinging Strike 0-1: Ball 1-1: Called Strike 1-2: Strikes out swinging
|
| Top of the 4th over - 1 run, 1 hit, 0 errors, 0 left on base; El Paso 2 - Arkansas 0 |
| BOTTOM OF THE 4TH |
|
Arkansas Travelers batting - Pitching for El Paso Chihuahuas : RHP Raymond Prince
|
|
Batting: LHB Randy Braun
|
0-0: SINGLE (Flyball, 78S, EV 92.5 MPH)
|
|
Batting: LHB Mike Pagliarulo
|
0-0: Ball 1-0: Swinging Strike 1-1: Ball 2-1: Fly out, F8 (Flyball, 78D, EV 91.9 MPH)
|
|
Batting: RHB Kenneth Foster
|
0-0: Ball 1-0: Grounds into double play, 5-4-3 (Groundball, 56S, EV 81.9 MPH)
|
| Bottom of the 4th over - 0 runs, 1 hit, 0 errors, 0 left on base; El Paso 2 - Arkansas 0 |
| TOP OF THE 5TH |
|
El Paso Chihuahuas batting - Pitching for Arkansas Travelers : LHP Edward Orick
|
|
Batting: RHB Cliff Wherry
|
0-0: Ball 1-0: SINGLE (Groundball, 34D, EV 100.0 MPH)
|
|
Batting: LHB Mike Cole
|
0-0: Ball 1-0: Ball 2-0: Bunted foul 2-1: Ball 3-1: Ball Cliff Wherry to second
|
|
Batting: RHB Steven Murray
|
0-0: Called Strike 0-1: DOUBLE (Line Drive, 89M, EV 108.8 MPH) Cliff Wherry scores Mike Cole to third
|
|
Batting: LHB Andy Van Slyke
|
0-0: Called Strike 0-1: SINGLE (Line Drive, 78S, EV 93.1 MPH) Mike Cole scores Steven Murray to third Runner from 3rd tries for Home, SAFE, throw by LF to home
|
|
Batting: RHB Jesse Vann
|
0-0: Ball 1-0: Called Strike 1-1: Swinging Strike 1-2: Foul Ball, location: 2F 1-2: Strikes out looking
|
|
Batting: RHB Dick C Schofield
|
0-0: Called Strike 0-1: Ball 1-1: Ball 2-1: Called Strike 2-2: Ball 3-2: Foul Ball, location: 2F 3-2: Foul Ball, location: 2F 3-2: Foul Ball, location: 2F 3-2: Foul Ball, location: 2F 3-2: Foul Ball, location: 2F 3-2: Foul Ball, location: 2F 3-2: Strikes out looking
|
|
Batting: LHB Mark Salas
|
0-0: Called Strike 0-1: Ball 1-1: Ground out 4-3 (Groundball, 4, EV 87.5 MPH)
|
| Top of the 5th over - 3 runs, 3 hits, 0 errors, 1 left on base; El Paso 5 - Arkansas 0 |
| BOTTOM OF THE 5TH |
|
Arkansas Travelers batting - Pitching for El Paso Chihuahuas : RHP Raymond Prince
|
|
Batting: SHB Luis Quinones
|
0-0: Called Strike 0-1: Ground out 6-3 (Groundball, 6, EV 104.4 MPH)
|
|
Batting: RHB Ronald Grout
|
0-0: Ball 1-0: Swinging Strike 1-1: Fly out, F7 (Flyball, 7LM, EV 106.3 MPH)
|
|
Batting: RHB Rob Deer
|
0-0: Ball 1-0: DOUBLE (Flyball, 8RXD, EV 87.5 MPH)
|
|
Batting: RHB Terence Shoebridge
|
0-0: Swinging Strike 0-1: SINGLE (Line Drive, 9LS, EV 96.3 MPH) Rob Deer to third Runner from 3rd tries for Home, SAFE, no throw by RF
|
|
Batting: RHB Jeff Pyburn
|
0-0: Called Strike 0-1: Foul Ball, location: 2F 0-2: SINGLE (Groundball, 15S, EV 69.4 MPH) (infield hit) Terence Shoebridge to second
|
|
Batting: RHB Greg Gagne
|
0-0: Ball 1-0: Foul Ball, location: 2F 1-1: Ball 2-1: Fly out, F7 (Flyball, 7S, EV 94.4 MPH)
|
| Bottom of the 5th over - 1 run, 3 hits, 0 errors, 2 left on base; El Paso 5 - Arkansas 1 |
| TOP OF THE 6TH |
|
El Paso Chihuahuas batting - Pitching for Arkansas Travelers : LHP Edward Orick
|
|
Batting: LHB Dan Murphy
|
0-0: Ball 1-0: Ball 2-0: SINGLE (Line Drive, 89S, EV 100.0 MPH)
|
|
Batting: RHB Darrell Miller
|
0-0: Sac Bunt to 13S - play at first, batter OUT! 1-3 Dan Murphy to second
|
|
Batting: RHB Cliff Wherry
|
0-0: Called Strike 0-1: Swinging Strike 0-2: Ball 1-2: Strikes out swinging
|
|
Batting: LHB Mike Cole
|
0-0: Called Strike 0-1: Foul Ball, location: 2F 0-2: Ground out 6-3 (Groundball, 6, EV 106.9 MPH)
|
| Top of the 6th over - 0 runs, 1 hit, 0 errors, 1 left on base; El Paso 5 - Arkansas 1 |
| BOTTOM OF THE 6TH |
|
Arkansas Travelers batting - Pitching for El Paso Chihuahuas : RHP Raymond Prince
|
|
Batting: LHB Randy Braun
|
0-0: Ball 1-0: Called Strike 1-1: SINGLE (Groundball, 13S, EV 70.0 MPH) (infield hit)
|
|
Batting: LHB Mike Pagliarulo
|
0-0: Ball 1-0: Fly out, F4 (Flyball, 4D, EV 93.1 MPH)
|
|
Batting: RHB Kenneth Foster
|
0-0: Ball 1-0: Called Strike 1-1: Foul Ball, location: 2F 1-2: Foul Ball, location: 2F 1-2: Grounds into double play, 1-4-3 (Groundball, 15S, EV 66.9 MPH)
|
| Bottom of the 6th over - 0 runs, 1 hit, 0 errors, 0 left on base; El Paso 5 - Arkansas 1 |
| TOP OF THE 7TH |
|
El Paso Chihuahuas batting - Pitching for Arkansas Travelers : LHP Edward Orick
|
|
Batting: RHB Steven Murray
|
0-0: Ball 1-0: DOUBLE (Flyball, 89XD, EV 105.6 MPH)
|
|
Batting: LHB Andy Van Slyke
|
0-0: Ball 1-0: Ball 2-0: Ball 3-0: Base on Balls
|
|
Pitching: RHP Donald Brazell
|
|
|
Batting: RHB Jesse Vann
|
0-0: Ball 1-0: Ball 2-0: Ball 3-0: Called Strike 3-1: Foul Ball, location: 2F 3-2: Strikes out swinging
|
|
Batting: RHB Dick C Schofield
|
0-0: Foul Ball, location: 2F 0-1: Fielders Choice at 2nd, 4-6 (Groundball, 4, EV 100.0 MPH) Steven Murray to third
|
|
Batting: LHB Mark Salas
|
0-0: Called Strike 0-1: Foul Ball, location: 2F 0-2: Foul Ball, location: 2F 0-2: Ball 1-2: Foul Ball, location: 2F 1-2: Fly out, F8 (Line Drive, 8LD, EV 98.1 MPH)
|
| Top of the 7th over - 0 runs, 1 hit, 0 errors, 2 left on base; El Paso 5 - Arkansas 1 |
| BOTTOM OF THE 7TH |
|
Arkansas Travelers batting - Pitching for El Paso Chihuahuas : RHP Raymond Prince
|
|
Batting: SHB Luis Quinones
|
0-0: Ground out 6-3 (Groundball, 6, EV 85.0 MPH)
|
|
Batting: RHB Ronald Grout
|
0-0: Ball 1-0: Fly out, F9 (Flyball, 9LS, EV 95.6 MPH)
|
|
Batting: RHB Rob Deer
|
0-0: Foul Ball, location: 2F 0-1: Ball 1-1: SINGLE (Flyball, 8LS, EV 91.3 MPH)
|
|
Batting: RHB Terence Shoebridge
|
0-0: Foul Ball, location: 2F 0-1: Swinging Strike 0-2: Ball 1-2: Foul Ball, location: 2F 1-2: Ball 2-2: Fly out, F9 (Flyball, 89S, EV 91.3 MPH)
|
| Bottom of the 7th over - 0 runs, 1 hit, 0 errors, 1 left on base; El Paso 5 - Arkansas 1 |
| TOP OF THE 8TH |
|
El Paso Chihuahuas batting - Pitching for Arkansas Travelers : RHP Donald Brazell
|
|
Batting: LHB Dan Murphy
|
0-0: Fly out, F7 (Flyball, 78D, EV 86.3 MPH)
|
|
Batting: RHB Darrell Miller
|
0-0: Ball 1-0: Ground out 2-3 (Groundball, 15S, EV 63.8 MPH)
|
|
Batting: RHB Cliff Wherry
|
0-0: Foul Ball, location: 2F 0-1: Ball 1-1: Called Strike 1-2: Foul Ball, location: 2F 1-2: Strikes out swinging
|
| Top of the 8th over - 0 runs, 0 hits, 0 errors, 0 left on base; El Paso 5 - Arkansas 1 |
| BOTTOM OF THE 8TH |
|
Arkansas Travelers batting - Pitching for El Paso Chihuahuas : RHP Raymond Prince
|
|
Batting: RHB Jeff Pyburn
|
0-0: SINGLE (Line Drive, 6D, EV 107.5 MPH)
|
|
Batting: RHB Greg Gagne
|
0-0: Ball 1-0: Fly out, F8 (Line Drive, 8RM, EV 92.5 MPH)
|
|
Batting: LHB Randy Braun
|
0-0: Called Strike 0-1: Foul Ball, location: 2F 0-2: Ball 1-2: Ball 2-2: SINGLE (Groundball, 4MD, EV 111.3 MPH) Jeff Pyburn to second
|
|
Batting: LHB Mike Pagliarulo
|
0-0: Foul Ball, location: 2F 0-1: Fly out, F8 (Line Drive, 8LD, EV 102.5 MPH)
|
|
Batting: RHB Kenneth Foster
|
0-0: Fly out, F9 (Flyball, 9D, EV 93.8 MPH)
|
| Bottom of the 8th over - 0 runs, 2 hits, 0 errors, 2 left on base; El Paso 5 - Arkansas 1 |
| TOP OF THE 9TH |
|
El Paso Chihuahuas batting - Pitching for Arkansas Travelers : RHP Donald Brazell
|
|
Batting: LHB Mike Cole
|
0-0: Ball 1-0: Ball 2-0: Ball 3-0: Base on Balls
|
|
Batting: RHB Steven Murray
|
0-0: Called Strike 0-1: Foul Ball, location: 2F 0-2: Ball 1-2: SINGLE (Flyball, 89S, EV 87.5 MPH) Mike Cole to second Runner from 2nd tries for 3rd, SAFE, throw by RF made to third
|
|
Batting: LHB Andy Van Slyke
|
0-0: Foul Ball, location: 2F 0-1: Foul Ball, location: 2F 0-2: Strikes out looking
|
|
Pitching: RHP Vittore Fachinetti
|
|
|
Batting: RHB Jesse Vann
|
0-0: Ball 1-0: Called Strike 1-1: Swinging Strike 1-2: Ball 2-2: Strikes out looking
|
|
Batting: RHB Dick C Schofield
|
0-0: Ball 1-0: Ball 2-0: Foul Ball, location: 2F 2-1: Fly out, F6 (Popup, 6D, EV 60.6 MPH)
|
| Top of the 9th over - 0 runs, 1 hit, 0 errors, 2 left on base; El Paso 5 - Arkansas 1 |
| BOTTOM OF THE 9TH |
|
Arkansas Travelers batting - Pitching for El Paso Chihuahuas : RHP Raymond Prince
|
|
Batting: SHB Luis Quinones
|
0-0: Ground out U3 (Groundball, 34, EV 90.0 MPH)
|
|
Batting: RHB Ronald Grout
|
0-0: Ball 1-0: Swinging Strike 1-1: Ball 2-1: Swinging Strike 2-2: Fly out, F9 (Flyball, 9D, EV 93.8 MPH)
|
|
Batting: RHB Rob Deer
|
0-0: Ball 1-0: Called Strike 1-1: Fly out, F9 (Flyball, 9, EV 97.5 MPH)
|
| Bottom of the 9th over - 0 runs, 0 hits, 0 errors, 0 left on base; El Paso 5 - Arkansas 1 |
|